 Dungeon Crawl Stone Soup version 0.31.0-12-g77e489cdc1 (webtiles) character file.

Game seed: 14681452136249022432

4719 Curundu the Cleaver (level 10, 0/91 HPs)
             Began as a Minotaur Berserker on Mar 5, 2024.
             Was a High Priest of Trog.
             Slain by Maurice
             ... wielding a +2 short sword of speed
              (6 damage)
             ... on level 9 of the Dungeon.
             The game lasted 00:26:31 (9604 turns).

Curundu the Cleaver (Minotaur Berserker)            Turns: 9604, Time: 00:26:32

Health: 0/91       AC:  4    Str: 31    XL:     10   Next: 22%
Magic:  0/9        EV:  8    Int:  4    God:    Trog [*****.]
Gold:   0          SH:  4    Dex: 11    Spells: 9/9 levels left

rFire   + . .        H - +1 war axe
rCold   + . .        p - +0 buckler
rNeg    . . .        q - +0 plate armour
rPois   +            (helmet restricted)
rElec   +            B - +0 cloak
rCorr   +            (no gloves)
SInv    .            (no boots)
Will    .....        (no amulet) Stlth
                     d - +4 ring of protection
HPRegen 0.35/turn    y - +6 ring of strength
MPRegen 0.11/turn

%: no passive effects
@: resistant, corroded
A: horns 2, retaliatory headbutt
a: Renounce Religion, Berserk, Trog's Hand, Brothers in Arms


You were on level 9 of the Dungeon.
You worshipped Trog.
Trog was extremely pleased with you.
You visited 1 branch of the dungeon, and saw 9 of its levels.
You also visited: Sewer and Ossuary.

Inventory:

Hand Weapons
 H - a +1 war axe (weapon)
Missiles
 g - 6 boomerangs (quivered)
Armour
 p - a +0 buckler (worn)
 q - a +0 plate armour (worn)
 B - a +0 cloak (worn)
Jewellery
 d - a +4 ring of protection (left hand)
 y - a +6 ring of strength (right hand)
Wands
 z - a wand of charming (5)
Scrolls
 a - a scroll of immolation
 l - 2 scrolls of blinking
 m - 2 scrolls of fog
 u - 2 scrolls of teleportation
Potions
 c - 5 potions of lignification
 f - 2 potions of ambrosia {unknown}
 i - a potion of invisibility
 k - a potion of enlightenment
 o - 5 potions of might
 r - 5 potions of curing
 A - a potion of mutation
 D - a potion of berserk rage {unknown}


   Skills:
 + Level 9.2 Fighting
 + Level 13.2 Axes
 - Level 3.0 Armour
 + Level 4.0 Dodging
 * Level 6.0 Stealth
 - Level 1.1 Shields


You had 9 spell levels left.
You didn't know any spells.
Your spell library was empty.

Dungeon Overview and Level Annotations

Branches:
Dungeon (9/15)             Temple (0/1) D:5           Sewer (visited)
Ossuary (visited)
   Lair: D:8-11         Orc: D:9-12

Altars:
Ashenzari
Cheibriados
Gozag
Hepliaklqana
Kikubaaqudgha
Makhleb
Ru
Trog
Uskayaw
Xom
Yredelemnul
The Shining One

Annotations:
D:9 Maurice


Innate Abilities, Weirdness & Mutations

You have a pair of horns on your head.
You reflexively headbutt those who attack you in melee.


Message History

* * * LOW HITPOINT WARNING * * *
A boomerang appears from out of thin air!
The boomerang hits you!
* * * LOW HITPOINT WARNING * * *
You feel much better.
You feel better.
You hear a bow twang.
An arrow appears from out of thin air!
You block the arrow.
You feel protected.
You hear a zap.
A bolt of acid appears from out of thin air!
The bolt of acid hits you. You resist. The acid corrodes you!
A boomerang appears from out of thin air!
The boomerang hits you.
Maurice appears from thin air!
Reactivating autopickup.
You closely miss Maurice. You headbutt Maurice!
Maurice is severely wounded.
Maurice mumbles some strange words.
Maurice flickers and vanishes!
Deactivating autopickup; reactivate with Ctrl-A.
You hit something. You headbutt something. Something hits you!
* * * LOW HITPOINT WARNING * * *
Something mutters, "Now where did you hide it?"
Something bites you.
* * * LOW HITPOINT WARNING * * *
You feel your power leaking away. Something drains your magic.
You hit something. Your headbutt misses something. Something hits you.
* * * LOW HITPOINT WARNING * * *
Something mutters, "Now where did you hide it?"
Something bites you!
* * * LOW HITPOINT WARNING * * *
You feel your power leaking away. Something drains your magic.
You closely miss something. Something hits you.
* * * LOW HITPOINT WARNING * * *
Something grunts, "Curses!"
Something bites you.
You die...

.>......####..##....... ......
................. . .....
#..#............ ..
#...###..#............
...#....###....................
.........#............#.##.....
...............................
...........†............##.....
##.........)..@{...###...# #.#.
##.....................####...
#..............#.............
##....###......#.............
##...........###.........#..
#....#.##..## #.##......#..
#...### #### #.....#..#### ###.
##..####.# ##.# ###


There were no monsters in sight!

Vanquished Creatures
  A hornet (D:9)
  Prince Ribbit (D:7)
  A wyvern (D:7)
  An acid dragon (D:8)
  A black bear (D:5)
  An ice beast (D:8)
  2 ogres
  4 centaurs
  5 bullfrogs
  11 kobold brigands
  3 scorpions
  2 gnoll sergeants
  9 water moccasin zombies (Ossuary)
  4 wights (D:9)
  A burial acolyte (Ossuary)
  3 killer bees (D:8)
  A bombardier beetle (D:5)
  4 jellies
  4 orc priests (D:6)
  3 hounds
  A spectral scorpion (Ossuary)
  Crazy Yiuf (D:5)
  6 iguanas
  2 orc wizards
  A crocodile zombie (Ossuary)
  2 mummies (Ossuary)
  6 adders
  16 gnolls
  2 river rats (Sewer)
  3 white imps
  4 ufetubi (D:6)
  2 adder zombies (Ossuary)
  4 ribbon worms
  4 dart slugs
  31 orcs
  5 bats
  7 endoplasms
  2 giant cockroaches
  6 goblins
  8 hobgoblins
  7 jackals
  8 quokkas
  4 ball pythons
  5 frilled lizards
  10 gnoll zombies (Ossuary)
  A goblin zombie (D:8)
  A hobgoblin zombie (D:8)
  3 jackal zombies (Ossuary)
  28 kobolds
  2 kobold zombies (D:8)
  An orc skeleton (D:8)
  4 orc zombies
  15 rats
264 creatures vanquished.

Notes
Turn   | Place    | Note
-------+----------+-------------------------------------------
     0 | D:1      | Curundu the Minotaur Berserker began the quest for the Orb.
     0 | D:1      | Reached XP level 1. HP: 19/19 MP: 0/0
   111 | D:1      | Reached XP level 2. HP: 26/27 MP: 1/1
   113 | D:1      | Reached skill level 4 in Axes
   842 | D:2      | Reached XP level 3. HP: 28/33 MP: 2/2
  1462 | D:2      | Reached ** piety under Trog
  1952 | D:3      | Reached XP level 4. HP: 33/41 MP: 3/3
  2166 | D:3      | Found a snail-covered altar of Cheibriados.
  2274 | D:3      | Found a bloodstained altar of Trog.
  2831 | D:4      | Found a glowing drain.
  2835 | Sewer    | Entered a sewer
  2855 | Sewer    | Noticed a kobold brigand
  2867 | Sewer    | Killed a kobold brigand
  2868 | Sewer    | Reached skill level 5 in Axes
  2868 | Sewer    | Reached skill level 1 in Stealth
  2868 | Sewer    | Reached skill level 1 in Shields
  2868 | Sewer    | Reached XP level 5. HP: 47/47 MP: 4/4
  2946 | Sewer    | Reached skill level 5 in Fighting
  3065 | Sewer    | Reached XP level 6. HP: 53/56 MP: 5/5
  3253 | Sewer    | Reached skill level 6 in Axes
  3532 | Sewer    | Reached XP level 7. HP: 52/62 MP: 6/6
  4019 | D:4      | Reached *** piety under Trog
  4020 | D:4      | Reached skill level 7 in Axes
  4889 | D:5      | Entered Level 5 of the Dungeon
  5367 | D:5      | Found a staircase to the Ecumenical Temple.
  5412 | D:5      | Reached skill level 8 in Axes
  5460 | D:5      | Reached XP level 8. HP: 67/71 MP: 7/7
  5678 | D:5      | Found a runed translucent door.
  5679 | D:5      | Noticed Crazy Yiuf
  5872 | D:5      | Killed Crazy Yiuf
  6007 | D:6      | Reached skill level 9 in Axes
  6435 | D:6      | You fall into a shaft and drop 1 floor!
  6446 | D:7      | Reached skill level 10 in Axes
  6475 | D:7      | Found a sand-covered staircase.
  6533 | D:7      | Reached **** piety under Trog
  6561 | Ossuary  | Entered an ossuary
  6655 | Ossuary  | Reached XP level 9. HP: 69/79 MP: 8/8
  6835 | Ossuary  | Reached skill level 11 in Axes
  7029 | D:7      | Reached skill level 5 in Stealth
  7333 | D:7      | Found a hide-covered altar of Uskayaw.
  7418 | D:7      | Reached ***** piety under Trog
  7552 | D:7      | Noticed Prince Ribbit
  7562 | D:7      | Killed Prince Ribbit
  7563 | D:7      | Reached skill level 12 in Axes
  7687 | D:6      | Found a burning altar of Makhleb.
  7694 | D:6      | Found a broken altar of Ashenzari.
  7697 | D:6      | Found an ancient bone altar of Kikubaaqudgha.
  7699 | D:6      | Found a basalt altar of Yredelemnul.
  7740 | D:6      | Found an opulent altar of Gozag.
  8136 | D:7      | Found a sacrificial altar of Ru.
  8430 | D:8      | Found a glowing golden altar of the Shining One.
  8692 | D:8      | Found a hazy altar of Hepliaklqana.
  8693 | D:8      | Found a shimmering altar of Xom.
  8694 | D:8      | Noticed a spectral ugly thing
  8813 | D:8      | Reached XP level 10. HP: 86/90 MP: 9/9
  9348 | D:9      | Received a gift from Trog
  9358 | D:9      | Reached skill level 13 in Axes
  9502 | D:9      | Noticed Maurice
  9507 | D:9      | Something stole a ring of protection from fire
  9509 | D:9      | Something stole 50 gold
  9512 | D:9      | Something stole 13 boomerangs
  9514 | D:9      | Something stole 199 gold
  9525 | D:9      | Something stole 151 gold
  9526 | D:9      | Something stole 130 gold
  9604 | D:9      | Slain by Maurice

Illustrated notes

Levels and vault maps discovered:
D:1:      lemuel_arrival_broad_hall, layout_basic
D:2:      layout_basic, minmay_domino_4
D:3:      layout_basic, amcnicky_altar_gilded, mainiacjoe_overflow_cross_hatched
D:4:      nicolae_cairo_tiling_large_dashed, layout_layer_cave,
          gup_sewer_entry_bowl
D:5:      layout_basic, minmay_temple_entry_waves,
          chequers_serial_rivers_small_b, minmay_misc_feat_alley,
          uniq_crazy_yiuf_cottage
D:6:      layout_rooms, nicolae_overflow_hallway_of_the_gods
D:7:      layout_loops_corners, nicolae_uskayaw_dance_studio, kennysheep_mini,
          nicolae_ossuary_entry_false_entrances, uniq_prince_ribbit1
D:8:      layout_gridville, regret_index_temple_of_mockery,
          nicolae_tso_besieged_by_evil
D:9:      layout_cave_pools, gammafunk_temple_overflow_pools, minmay_ruffians,
          uniq_grum, uniq_maurice

Skill      XL: |  1  2  3  4  5  6  7  8  9 10 |
---------------+-------------------------------+-----
Axes           | 4 5 6 8 10 12 13 | 13.2
Fighting       | 4 5 6 7 8 9 |  9.2
Armour         | 3 |  3.0
Dodging        | 3 4 |  4.0
Stealth        | 1 2 3 4 5 6 |  6.0
Shields        | 1 |  1.1

Action                     |  1- 3 |  4- 6 |  7- 9 | 10-12 || total
---------------------------+-------+-------+-------+-------++-------
  Melee: Hand axe          |    81 |   147 |   392 |       ||   620
         Headbutt          |     5 |    21 |    91 |    11 ||   128
         War axe           |       |       |    66 |    77 ||   143
 Invoke: Trog's Hand       |       |     1 |     4 |     2 ||     7
         Berserk           |       |       |     2 |     1 ||     3
    Use: Scroll            |       |       |    22 |       ||    22
         Potion            |       |       |       |    11 ||    11
 Armour: Animal skin       |    75 |       |       |       ||    75
         Plate armour      |       |   103 |   310 |   129 ||   542
  Dodge: Dodged            |    78 |    49 |   157 |    30 ||   314
  Block: Buckler           |     2 |    19 |    86 |    15 ||   122
